 Dungeon Crawl Stone Soup version 0.31-a0-1009-g454b1f1e0a (webtiles) character file.

Game seed: 9852300594198999335

14677 BinkBink the Fighter (level 12, 0/80 HPs)
             Began as a Gargoyle Fighter on Nov 14, 2023.
             Was a High Priest of Okawaru.
             Slain by a sun demon (9 damage)
             ... summoned by a kobold demonologist
             ... on level 11 of the Dungeon.
             The game lasted 00:22:47 (14835 turns).

BinkBink the Fighter (Gargoyle Fighter)            Turns: 14835, Time: 00:22:48

Health: 0/80       AC: 26    Str: 25    XL:     12   Next: 19%
Magic:  12/12      EV:  7    Int:  9    God:    Okawaru [*****.]
Gold:   575        SH:  7    Dex: 15    Spells: 11/11 levels left

rFire   + . .        J - +2 whip (venom)
rCold   x . .        c - +0 buckler
rNeg    + . .        k - +0 plate armour
rPois   ∞            G - +0 helmet
rElec   +            u - +0 cloak
rCorr   .            (no gloves)
SInv    .            (no boots)
Will    .....        h - amulet of faith Stlth
                     r - ring of fire
HPRegen 0.33/turn    D - +6 ring of dexterity
MPRegen 0.13/turn

%: faith
@: no status effects
A: sickness immunity, AC +8, negative energy resistance 1, electricity
resistance, torment resistance 1, petrification resistance
a: Renounce Religion, Heroism, Finesse, Duel


You were on level 11 of the Dungeon.
You worshipped Okawaru.
Okawaru was extremely pleased with you.
You visited 2 branches of the dungeon, and saw 12 of its levels.
You also visited: Bailey.

You collected 575 gold pieces.

Inventory:

Hand Weapons
 a - a +0 flail
 b - a +1 whip of venom
 J - a +2 whip of venom (weapon)
Missiles
 t - 3 boomerangs (quivered)
Armour
 c - a +0 buckler (worn)
 k - a +0 plate armour (worn)
 u - a +0 cloak (worn)
 G - a +0 helmet (worn)
Jewellery
 h - an amulet of faith (around neck)
 r - a ring of fire (left hand)
 y - a ring of flight
 D - a +6 ring of dexterity (right hand)
 I - a ring of magical power
 N - a ring of fire
Wands
 e - a wand of digging (4)
 C - a wand of charming (24)
 K - a wand of quicksilver (1)
 L - a wand of roots (4)
Scrolls
 i - 2 scrolls of poison
 j - 3 scrolls of enchant weapon
 m - 3 scrolls of teleportation
 n - 2 scrolls of vulnerability
 o - 5 scrolls of revelation
 q - 3 scrolls of fog
 v - a scroll of blinking
 z - 2 scrolls of enchant armour
 E - 2 scrolls of summoning {unknown}
 H - 3 scrolls of fear {unknown}
 O - a scroll of amnesia {unknown}
Potions
 d - 6 potions of might
 f - 6 potions of curing {unknown}
 g - 3 potions of attraction {unknown}
 l - 4 potions of invisibility {unknown}
 p - 7 potions of resistance {unknown}
 s - 6 potions of brilliance {unknown}
 w - 2 potions of berserk rage {unknown}
 x - 2 potions of heal wounds {unknown}
 A - a potion of magic {unknown}
 B - a potion of lignification {unknown}
 F - 2 potions of haste {unknown}
 M - a potion of mutation {unknown}
 P - a potion of enlightenment {unknown}


   Skills:
 + Level 11.2 Fighting
 + Level 10.1 Maces & Flails
 + Level 11.2 Armour
 + Level 11.2 Shields


You had 11 spell levels left.
You didn't know any spells.
Your spell library contained the following spells:

 Spells                   Type           Power      Damage    Failure   Level
 Apportation              Tloc           0%         N/A       99%         1
 Magic Dart               Conj           0%         1d3       99%         1
 Necrotise                Necr           0%         1d4       99%         1
 Blink                    Tloc           0%         N/A       100%        2
 Jinxbite                 Hex            0%         N/A       100%        2
 Lesser Beckoning         Tloc           0%         N/A       100%        2
 Momentum Strike          Conj/Tloc      0%         3d8       100%        2
 Mephitic Cloud           Conj/Pois/Air  0%         N/A       100%        3
 Vampiric Draining        Necr           0%         2d6       100%        3
 Cause Fear               Hex            0%         N/A       100%        4
 Manifold Assault         Tloc           0%         N/A       100%        4
 Passage of Golubria      Tloc           0%         N/A       100%        4
 Vhi's Electric Charge    Tloc/Air       0%         N/A       100%        4
 Agony                    Necr           0%         N/A       100%        5
 Alistair's Intoxication  Tmut/Pois      0%         N/A       100%        5
 Arcjolt                  Conj/Air       0%         1d10      100%        5
 Fireball                 Conj/Fire      0%         3d3       100%        5
 Yara's Violent Unravell  Hex/Tmut       0%         3d3       100%        5
 Plasma Beam              Fire/Air       0%         2x1d10    100%        6
 Call Imp                 Summ           Unusable   N/A       N/A         2
 Tukima's Dance           Hex            Unusable   N/A       N/A         3
 Dragon's Call            Summ           Unusable   N/A       N/A         9

Dungeon Overview and Level Annotations

Branches:
Dungeon (11/15)            Temple (1/1) D:5            Lair (0/5) D:8
 Bailey (visited)
    Orc: D:9-12

Altars:
Ashenzari
Cheibriados
Dithmenos
Elyvilon
Fedhas
Gozag
Hepliaklqana
Kikubaaqudgha
Makhleb
Nemelex Xobeh
Okawaru
Qazlal
Ru
Sif Muna
Trog
Uskayaw
Vehumet
Wu Jian
Xom
Yredelemnul
Zin
The Shining One

Shops:
D:1 =((?(   D:10 (

Portals:
Trove: D:10 (give 20 potions of curing)


Innate Abilities, Weirdness & Mutations

You are immune to sickness and miasma.
Your stone body is resilient. (AC +8)
You are immune to poison.
You resist negative energy. (rN+)
You are resistant to electric shocks. (rElec)
You are resistant to unholy torment.
You are immune to petrification.


Message History

The kobold demonologist casts a spell.
You hit the ice devil.
The ice devil is lightly wounded.
The ice devil hits you but does no damage.
Unknown command.
You hit the kobold demonologist.
The kobold demonologist is lightly wounded.
The kobold demonologist hits you but does no damage.
You hit the kobold demonologist.
The kobold demonologist is poisoned.
The kobold demonologist is lightly wounded.
The kobold demonologist hits you but does no damage.
You whack the kobold demonologist!
The kobold demonologist looks as sick as possible!
The kobold demonologist is moderately wounded.
You hit the kobold demonologist.
The kobold demonologist looks as sick as possible!
The kobold demonologist is heavily wounded.
The kobold demonologist hits you but does no damage.
You miss the kobold demonologist.
The kobold demonologist is severely wounded.
The sun demon hits you!
You are engulfed in flames.
You resist. You block the ice devil's attack.
The kobold demonologist hits you but does no damage.
You hit the kobold demonologist.
The kobold demonologist looks as sick as possible!
The kobold demonologist is severely wounded.
The sun demon hits you.
You are engulfed in flames.
You resist.
Unknown command.
You hit the kobold demonologist.
The kobold demonologist looks as sick as possible!
The kobold demonologist is severely wounded.
The ice devil hits you! The ice devil freezes you!!
You feel a terrible chill!
* * * LOW HITPOINT WARNING * * *
You block the kobold demonologist's attack.
You miss the kobold demonologist.
The kobold demonologist is severely wounded.
The sun demon hits you.
* * * LOW HITPOINT WARNING * * *
You are engulfed in flames!
You resist.
You die...

...........# #.....
#.........# ###.....
#.........######.......
#......................
#......................
#...###########........
...#####...#.........#........
...........#..K..?...#........
.....>.....'.@3......#.......(
...........#..4.<....#........
...........#'#########........
#......................
........
#...##########........#
######## #...# #........+ #
#...# #........# # #...#
#........# # #...#
#........##########


You could see a sun demon (summoned), an ice devil (summoned) and a kobold
demonologist (extremely poisoned).

Vanquished Creatures
  Erica (D:9)
  3 two-headed ogres
  Pikel (D:4)
  A cyclops (D:11)
  An ugly thing (D:11)
  Maurice (D:9)
  Joseph (D:7)
  Jeremiah (D:8)
  A kobold demonologist (D:8)
  A komodo dragon (D:8)
  3 trolls
  2 wyverns (D:9)
  3 spriggans (Bailey)
  3 wraiths
  14 yaks
  Eustachio (D:6)
  A basilisk (D:8)
  A steam dragon (Bailey)
  3 acid dragons
  2 water moccasins
  4 ice beasts
  A black bear (D:6)
  7 ogres
  9 orc warriors
  2 phantoms (D:6)
  3 centaurs
  3 kobold brigands
  A bullfrog (D:7)
  3 gnoll sergeants
  3 scorpions
  6 killer bees (D:7)
  2 electric eels (D:7)
  10 howler monkeys
  A hound (D:4)
  2 jellies
  10 orc priests
  A gnoll bouda (D:7)
  2 sleepcaps
  3 iguanas
  15 orc wizards
  26 gnolls
  7 adders
  3 river rats (D:5)
  2 shadow imps
  2 white imps
  2 ufetubi (D:5)
  3 worms
  53 orcs
  5 ball pythons
  4 bats (D:1)
  16 endoplasms
  4 giant cockroaches
  8 goblins
  5 hobgoblins
  4 jackals
  6 quokkas
  2 frilled lizards (D:1)
  22 kobolds
  7 rats
  A butterfly (D:5)
315 creatures vanquished.

Notes
Turn   | Place    | Note
-------+----------+-------------------------------------------
     0 | D:1      | BinkBink the Gargoyle Fighter began the quest for the Orb.
     0 | D:1      | Reached XP level 1. HP: 14/14 MP: 1/1
    62 | D:1      | Reached XP level 2. HP: 19/19 MP: 2/2
    76 | D:1      | Found Voasih's Antique Weapon Emporium.
   101 | D:1      | Found Qeahaes's Magic Scroll Boutique.
   208 | D:1      | Found Kangoy's Weapon Emporium.
   395 | D:1      | Found Mipar's Weapon Shop.
   400 | D:1      | Found Amorch's Jewellery Emporium.
   625 | D:1      | Reached XP level 3. HP: 14/23 MP: 3/3
   939 | D:2      | Reached XP level 4. HP: 22/29 MP: 4/4
  1635 | D:3      | Reached XP level 5. HP: 32/33 MP: 5/5
  1935 | D:3      | Identified the +8 hand axe of Regicide {freeze, rF++}
  2581 | D:4      | Noticed a lemure
  2581 | D:4      | Noticed a lemure
  2581 | D:4      | Noticed a lemure
  2582 | D:4      | Noticed Pikel
  2583 | D:4      | Noticed a lemure
  2591 | D:4      | Killed Pikel
  2592 | D:4      | Reached skill level 5 in Fighting
  2592 | D:4      | Reached skill level 5 in Armour
  2592 | D:4      | Reached skill level 5 in Shields
  2592 | D:4      | Reached XP level 6. HP: 30/40 MP: 6/6
  2592 | D:4      | Reached XP level 7. HP: 33/44 MP: 7/7
  2923 | D:4      | Found an ancient bone altar of Kikubaaqudgha.
  2923 | D:4      | Found a hide-covered altar of Uskayaw.
  3460 | D:5      | Entered Level 5 of the Dungeon
  3547 | D:5      | Found an ornate altar of the Wu Jian Council.
  3589 | D:5      | Reached XP level 8. HP: 51/51 MP: 8/8
  3756 | D:5      | Reached skill level 5 in Maces & Flails
  4100 | D:5      | Found a staircase to the Ecumenical Temple.
  4222 | Temple   | Entered the Ecumenical Temple
  4687 | D:6      | Reached XP level 9. HP: 56/56 MP: 9/9
  4815 | D:6      | Found an iron altar of Okawaru.
  4830 | D:6      | Found a hazy altar of Hepliaklqana.
  4838 | D:6      | Became a worshipper of Warmaster Okawaru
  4844 | D:6      | Found a burning altar of Makhleb.
  4847 | D:6      | Found a snail-covered altar of Cheibriados.
  4891 | D:6      | Found a broken altar of Ashenzari.
  4946 | D:6      | Noticed Eustachio
  4978 | D:6      | Killed Eustachio
  5109 | D:6      | Reached * piety under Okawaru
  5695 | D:7      | Noticed Joseph
  5706 | D:7      | Killed Joseph
  5706 | D:7      | Reached ** piety under Okawaru
  5722 | D:7      | Found a flagged portal.
  5743 | Bailey   | Entered a bailey
  5871 | Bailey   | Reached XP level 10. HP: 64/64 MP: 10/10
  6734 | Bailey   | Noticed a two-headed ogre
  6751 | Bailey   | Killed a two-headed ogre
  6751 | Bailey   | Reached *** piety under Okawaru
  7793 | D:7      | Reached **** piety under Okawaru
  8815 | D:8      | Noticed Jeremiah
  9469 | D:8      | Reached ***** piety under Okawaru
  9470 | D:8      | Reached XP level 11. HP: 51/71 MP: 11/11
  9725 | D:8      | Found a staircase to the Lair.
 10097 | D:8      | Received a gift from Okawaru
 10121 | D:8      | Reached skill level 10 in Shields
 10200 | D:8      | Reached skill level 10 in Fighting
 10444 | D:8      | Killed Jeremiah
 10445 | D:8      | Reached skill level 10 in Armour
 10545 | D:8      | Found a sacrificial altar of Ru.
 10554 | D:8      | Noticed a two-headed ogre
 10563 | D:8      | Killed a two-headed ogre
 11565 | D:9      | Received a gift from Okawaru
 11707 | D:9      | Noticed Erica
 11721 | D:9      | Killed Erica
 11849 | D:9      | Noticed Maurice
 11849 | D:9      | Noticed a two-headed ogre
 11879 | D:8      | Killed a two-headed ogre
 12142 | D:9      | Killed Maurice
 12813 | D:10     | Entered Level 10 of the Dungeon
 12840 | D:10     | Found Aqaycsos's Antique Weapon Boutique.
 13440 | D:10     | Found a portal to a secret trove of treasure.
 13860 | D:11     | Received a gift from Okawaru
 13861 | D:11     | Noticed a cyclops
 13875 | D:11     | Killed a cyclops
 13876 | D:11     | Reached XP level 12. HP: 62/80 MP: 12/12
 14588 | D:11     | Reached skill level 10 in Maces & Flails
 14827 | D:11     | Noticed a sun demon
 14835 | D:11     | Slain by a sun demon

Illustrated notes

Levels and vault maps discovered:
D:1:      tarquinn_simple_flora_water_c, layout_basic, serial_shops, shop, shop,
          shop, shop, nicolae_shop_stone
D:2:      layout_basic
D:3:      layout_basic, minmay_cupped, uniq_crazy_yiuf_cottage
D:4:      layout_loops_ring, nicolae_overflow_two_pavilions,
          minmay_fountain_box, nicolae_zig_zag_zippers, uniq_pikel
D:5:      wad_woods_settlement, layout_basic, pdpol_wu_jian_five_deadly_venoms,
          minmay_temple_entry_butterflies
D:6:      layout_gridville, lemuel_doored_altar,
          grunt_temple_overflow_cloverleaf, uniq_eustachio
D:7:      layout_loops_corners, enter_bailey_7, minmay_holes,
          minmay_tree_intersection, grunt_ministairs_13,
          kennysheep_cluttered_room, uniq_joseph
D:8:      layout_basic, nicolae_ru_sacrificial_ziggurat, david_lair_shrubbed,
          uniq_jeremiah
D:9:      layout_grid_maze, grunt_decor_fettered, uniq_erica, uniq_maurice
D:10:     layout_cave_pools, enter_trove_2, serial_shops, shop,
          hangedman_abyss_or_decor_slice
D:11:     layout_irregular_city, kennysheep_generic_room_5
Temple:   nicolae_temple_figure_eight

Skill      XL: |  1  2  3  4  5  6  7  8  9 10 11 12 |
---------------+-------------------------------------+-----
Fighting       | 4 5 6 8 9 11 | 11.2
Shields        | 4 5 7 8 9 11 | 11.2
Armour         | 4 5 6 8 9 10 11 | 11.2
Maces & Flails | 3 4 5 7 8 9 10 | 10.1

Action                     |  1- 3 |  4- 6 |  7- 9 | 10-12 || total
---------------------------+-------+-------+-------+-------++-------
  Melee: Flail             |    79 |       |       |       ||    79
         Whip              |    35 |   112 |       |   460 ||   607
         Hand axe          |       |     8 |   258 |   315 ||   581
  Throw: Boomerang         |       |       |       |    19 ||    19
 Invoke: Heroism           |       |       |       |     1 ||     1
  Evoke: Wand              |       |       |    10 |    10 ||    20
    Use: Scroll            |       |       |       |    10 ||    10
 Armour: Scale mail        |    49 |       |       |       ||    49
         Plate armour      |    34 |    61 |   252 |   581 ||   928
  Dodge: Dodged            |    45 |    25 |    94 |   199 ||   363
  Block: Buckler           |    30 |    21 |    54 |   198 ||   303

Table legend: (Time is in decaauts)
 A = Elapsed time spent in this place.
 B = Non-inter-level travel time spent in this place.
 C = Inter-level travel time spent in this place.
 D = Time resting spent in this place.
 E = Time spent auto-exploring this place.
 F = Levels seen in this place.
 G = Mean time per level.
                   A        B        C        D        E       F      G
               +--------+--------+--------+--------+--------+-----+--------+
         Total |  14822 |  14216 |    606 |   3547 |   7908 |  13 | 1140.2 |
       Dungeon |  13412 |  12842 |    570 |   2451 |   7886 |  11 | 1219.3 |
        Temple |     35 |      0 |     35 |      0 |      0 |   1 |   35.0 |
        Bailey |   1374 |   1374 |      0 |   1096 |     22 |   1 | 1374.0 |
               +--------+--------+--------+--------+--------+-----+--------+

Top non-repeatable levels by time:
     D:8: 2343 daAuts
     D:7: 2237 daAuts
     D:9: 1526 daAuts
  Bailey: 1374 daAuts
     D:3: 1122 daAuts
     D:5: 1051 daAuts
     D:6: 1045 daAuts
    D:11: 945 daAuts
     D:4: 938 daAuts
     D:1: 865 daAuts
    D:10: 771 daAuts
     D:2: 565 daAuts
  Temple: 35 daAuts
